 Dungeon Crawl Stone Soup version 0.27.0-1-g7a089689b8 (webtiles) character file.

Game seed: 6517502011686957378

1303 Strat the Chopper (level 8, -1/74 HPs)
             Began as a Deep Dwarf Gladiator on Aug 7, 2021.
             Was an Initiate of Makhleb.
             Slain by a hornet (2 damage)
             ... on level 7 of the Dungeon.
             The game lasted 00:08:52 (3511 turns).

Strat the Chopper (Deep Dwarf Gladiator)            Turns: 3511, Time: 00:08:53

Health: -1/74      AC: 13    Str: 20    XL:     8   Next: 31%
Magic:  2/2        EV:  9    Int:  9    God:    Makhleb [......]
Gold:   204        SH:  7    Dex: 14    Spells: 7/7 levels left

rFire    + . .     SeeInvis .   a - +0 war axe
rCold    + . .     Faith    .   h - +2 buckler
rNeg     . . .     Spirit   .   B - +0 chain mail
rPois    .         Reflect  .   c - +1 helmet
rElec    .         Harm     .   u - scarf {rC+ rF+}
rCorr    .         Rampage  .   e - +0 pair of gloves
Will     +....                  (no boots)
Stlth    ..........             (no amulet)
HPRegen  0.00/turn              (no ring)
MPRegen  0.08/turn              (no ring)

@: lethally poisoned (-1 -> -1), slowed, very slow
A: damage resistance, heal wounds, sense surroundings 1, no regeneration
a: Heal Wounds, Renounce Religion


You were on level 7 of the Dungeon.
You worshipped Makhleb.
Makhleb was noncommittal.
You visited 2 branches of the dungeon, and saw 8 of its levels.

You collected 204 gold pieces.

Inventory:

Hand Weapons
 a - a +0 war axe (weapon)
Missiles
 d - 3 throwing nets (quivered)
 l - 76 stones
Armour
 b - a +0 leather armour
 c - a +1 helmet (worn)
 e - a +0 pair of gloves (worn)
 h - a +2 buckler (worn)
 t - a +0 ring mail
 u - a scarf of resistance (worn)
 B - a +0 chain mail (worn)
Jewellery
 f - an amulet of faith
 x - an amulet of magic regeneration
Wands
 i - a wand of flame (10)
 y - a wand of polymorph (7)
Scrolls
 o - 6 scrolls of teleportation
 p - 3 scrolls of magic mapping
 q - 2 scrolls of noise {unknown}
 w - 4 scrolls of identify {unknown}
Potions
 g - 2 potions of resistance {unknown}
 j - a potion of flight {unknown}
 k - a potion of berserk rage {unknown}
 m - 4 potions of heal wounds {unknown}
 n - a potion of curing {unknown}
 r - a potion of magic {unknown}
 s - 2 potions of mutation {unknown}
 v - 3 potions of attraction {unknown}
 z - a potion of lignification {unknown}
 A - a potion of brilliance {unknown}
 C - a potion of haste {unknown}


   Skills:
 - Level 5.0 Fighting
 + Level 7.5 Axes
 - Level 1.7 Throwing
 - Level 5.0 Armour
 - Level 3.2 Dodging
 - Level 4.0 Shields


You had 7 spell levels left.
You didn't know any spells.
Your spell library contained the following spells:

 Spells                   Type           Power      Damage    Failure   Level
 Beastly Appendage        Tmut           0%         N/A       98%         1
 Shock                    Conj/Air       0%         1d3       98%         1
 Corpse Rot               Necr/Air       N/A        N/A       99%         2
 Poisonous Vapours        Pois/Air       0%         N/A       99%         2
 Wereblood                Tmut           0%         N/A       99%         2
 Spider Form              Tmut/Pois      0%         N/A       100%        3
 Swiftness                Air            0%         N/A       100%        3
 Airstrike                Air            0%         N/A       100%        4
 Freezing Cloud           Conj/Ice/Air   0%         6-21      100%        5


Dungeon Overview and Level Annotations

Branches:
Dungeon (7/15)             Temple (1/1) D:6

Altars:
Dithmenos
Makhleb
Nemelex Xobeh
Ru
Sif Muna
Trog
Uskayaw
Vehumet
Yredelemnul
The Shining One

Shops:
D:2 ?   D:7 (


Innate Abilities, Weirdness & Mutations

You are resistant to damage.
You can heal yourself by infusing magical energy.
You passively map a small area around you.
You do not regenerate.


Message History

The hornet stings you.
* * * LOW HITPOINT WARNING * * *
You shrug off the repeated paralysis!
You miss the hornet.
The hornet is severely wounded.
The hornet stings you but does no damage. x2
You barely miss the hornet.
The hornet is severely wounded.
The hornet stings you!
* * * LOW HITPOINT WARNING * * *
You suddenly lose the ability to move!
The hornet stings you but does no damage.
The hornet stings you.
* * * LOW HITPOINT WARNING * * *
You feel as though you will be slow longer.
The hornet stings you!
* * * LOW HITPOINT WARNING * * *
You feel as though you will be slow longer.
The hornet stings you.
* * * LOW HITPOINT WARNING * * *
You feel as though you will be slow longer.
The hornet stings you.
* * * LOW HITPOINT WARNING * * *
You are poisoned.
You feel as though you will be slow longer.
You can move again.
Unknown command.
You hit the hornet but do no damage.
The hornet is heavily wounded.
You block the hornet's attack.
The hornet stings you but does no damage.
You barely miss the hornet.
The hornet is heavily wounded.
The hornet stings you but does no damage.
The hornet barely misses you. You block the hornet's attack.
You barely miss the hornet.
The hornet is heavily wounded.
The hornet stings you but does no damage.
The hornet stings you.
You die...

,, * * * , # ,** **
.# * ≈ ,, * .♣♣ ≈ *
... ♣# * .≈≈≈ * ♣.♣
..♣* ##.., ,
♣♣.♣♣♣♣.Z♣ #..o ,
** ♣@♣♣...[♣ #..#
♣♣y♣._.♣ ,, #..# +
♣ooOZ..♣ * #y.#* *
#♣oZ.♣♣♣♣ #.y#* *
#o♣..♣.♣ * #<.+ ,'
###Z#♣..♣ * #..#*
,* #.##.ZZ##.♣.♣♣##
#..#*
**#.o..............
...#
#.##.####....####


You could see a hornet, an orc warrior, an ogre, a killer bee zombie and a
centaur zombie.

Vanquished Creatures
  A sky beast (D:6)
  2 ogres
  A necrophage (D:5)
  A bullfrog (D:6)
  2 scorpions
  A wyvern skeleton (D:6)
  A water moccasin skeleton (D:4)
  A killer bee (D:6)
  A howler monkey (D:6)
  3 centaur zombies
  2 jellies
  A hound (D:4)
  3 bullfrog skeletons
  An iguana (D:5)
  A scorpion zombie (D:5)
  An orc wizard (D:4)
  Natasha (thrice) (D:2)
  A killer bee zombie (D:6)
  9 adders
  An ufetubus (D:6)
  An adder skeleton (D:5)
  4 worms
  4 orcs
  4 ball pythons
  7 bats
  5 endoplasms
  2 giant cockroaches
  5 goblins
  5 hobgoblins
  4 jackals
  8 quokkas
  4 frilled lizards
  2 kobolds
  3 rats
95 creatures vanquished.

Vanquished Creatures (others)
  3 plants (D:7)
  8 withered plants (D:7)
11 creatures vanquished.

Grand Total: 106 creatures vanquished

Notes
Turn   | Place    | Note
-------+----------+-------------------------------------------
     0 | D:1      | Strat the Deep Dwarf Gladiator began the quest for the Orb.
     0 | D:1      | Reached XP level 1. HP: 19/19 MP: 1/1
   156 | D:1      | Reached XP level 2. HP: 21/26 MP: 2/2
   165 | D:1      | Reached skill level 4 in Axes
   560 | D:2      | Noticed Natasha
   583 | D:2      | Killed Natasha
   584 | D:2      | Reached skill level 5 in Axes
   584 | D:2      | Reached XP level 3. HP: 7/32 MP: 3/3
   608 | D:2      | Found Fiorri's Magic Scroll Boutique.
   623 | D:2      | Found a faded altar of an unknown god.
   719 | D:2      | Noticed Natasha
   727 | D:2      | Killed Natasha
   728 | D:2      | Reached skill level 1 in Armour
   728 | D:2      | Reached XP level 4. HP: 33/39 MP: 4/4
   738 | D:2      | Noticed Natasha
   744 | D:2      | Killed Natasha
  1190 | D:3      | Found a shimmering blue altar of Sif Muna.
  1365 | D:3      | Reached XP level 5. HP: 19/48 MP: 5/5
  1854 | D:4      | Reached XP level 6. HP: 18/56 MP: 6/6
  2190 | D:5      | Entered Level 5 of the Dungeon
  2284 | D:5      | Found a sacrificial altar of Ru.
  2367 | D:5      | Reached XP level 7. HP: 54/66 MP: 6/6
  2499 | D:5      | Reached skill level 5 in Fighting
  2499 | D:5      | Reached skill level 5 in Armour
  2772 | D:5      | Reached skill level 1 in Shields
  3056 | D:6      | Reached skill level 6 in Axes
  3102 | D:6      | Reached XP level 8. HP: 72/74 MP: 6/6
  3150 | D:6      | Found a staircase to the Ecumenical Temple.
  3156 | Temple   | Entered the Ecumenical Temple
  3185 | Temple   | Became a worshipper of Makhleb the Destroyer
  3380 | D:6      | Reached skill level 7 in Axes
  3407 | D:7      | Found Aqache Gomu's Antique Weapon Shoppe.
  3429 | D:7      | Noticed a hornet
  3432 | D:7      | Paralysed by a hornet for 1 turns
  3435 | D:7      | Paralysed by a hornet for 1 turns
  3444 | D:7      | Paralysed by a hornet for 3 turns
  3448 | D:7      | Paralysed by a hornet for 1 turns
  3457 | D:7      | Found a basalt altar of Yredelemnul.
  3501 | D:7      | Paralysed by a hornet for 2 turns
  3506 | D:7      | Paralysed by a hornet for 3 turns
  3508 | D:7      | HP: 2/74 [hornet (4)]
  3511 | D:7      | Slain by a hornet

Illustrated notes

Levels and vault maps discovered:
D:1:      dpeg_arrival_refuge, layout_basic, moated_statue,
          amcnicky_mini_pool_small, minmay_misc_feat_room, minivault_14,
          hangedman_abyss_or_decor_lesser_grid
D:2:      layout_loops_ring, serial_shops, shop,
          ebering_ecumenical_altar_petrified, uniq_natasha
D:3:      layout_basic, mainiacjoe_overflow_small_starburst, serial_curves,
          eino_curves_04, eino_curves_04, eino_curves_03,
          hangedman_decor_growths
D:4:      layout_rooms, solitary_fountain, item_on_display_a
D:5:      layout_loops_corners, nicolae_overflow_crystal_walls,
          dk_noncrumbling_3, grunt_ministairs_14
D:6:      layout_rooms, minmay_temple_entry_enclosed_plants,
          grunt_decor_arrowhead, serial_bayou_pond_d
D:7:      layout_loops_ring, grunt_temple_overflow_growth_and_decay,
          nicolae_yredelemnul_corpse_copse, serial_shops, nicolae_shop_crystal,
          nicolae_shop_statue_plus, shop, kennysheep_little_box, enter_bailey_4,
          supply_closet_lemuel, chequers_serial_rivers_micro_b,
          kennysheep_generic_room_6
Temple:   jpeg_temple_clearing

Skill      XL: |  1  2  3  4  5  6  7  8 |
---------------+-------------------------+-----
Axes           | 5 6 7 |  7.5
Fighting       | 2 3 4 5 |  5.0
Armour         | 1 2 3 4 5 |  5.0
Shields        | 3 4 |  4.0
Throwing       | |  1.7
Dodging        | |  3.2

Action                   |  1- 3 |  4- 6 |  7- 9 || total
-------------------------+-------+-------+-------++-------
Melee: War axe           |    85 |   193 |   161 ||   439
 Abil: Heal Wounds       |     2 |     2 |    12 ||    16
Evoke: Wand              |       |       |     4 ||     4
  Use: Scroll            |     3 |     1 |     2 ||     6
 Stab: Sleeping          |     1 |       |       ||     1
Armor: Leather armour    |    18 |    17 |       ||    35
       Ring mail         |       |    64 |    61 ||   125
       Chain mail        |       |       |    55 ||    55
Dodge: Dodged            |    72 |   129 |   113 ||   314
Block: Buckler           |       |       |    36 ||    36
